AoeStats
← Pillage The Village

Arabia

507661517Analyzed
2v2 RM · 13d ago on Sep 19, 2026· 43m 10s· 4 players
Game mode
Random Map
Map size
Medium (4 player)
Population
200
Speed
Normal
Resources
Standard
Victory
Conquest
Starting age
Dark Age
Ending age
Imperial Age
RankedLock teamsTeams togetherTeam positionsShared explorationLock speedFull tech treeHidden civsTurbo modeCheats
Victory
Defeat
🇧🇪 Mongols · Belgium
1265
+13
🇧🇪 Persians · Belgium
1229
+16
🇺🇸 Franks · United States
1220
-15
🇺🇸 Tatars · United States
1193
-14
Noly Poly
6:47 Loom
9:37 Feudal Age
10:32 Double-Bit Axe
10:34 Horse Collar
21:06 Castle Age
19:56 Forging
19:59 Gold Mining
20:09 Fletching
20:53 Padded Archer Armor
22:56 Bodkin Arrow
23:34 Bloodlines
24:41 Bow Saw
25:40 Husbandry
27:07 Wheelbarrow
36:06 Leather Archer Armor
45:09 Imperial Age
ƁЄƝȤƁƠƳ
6:01 Loom
9:07 Feudal Age
9:37 Double-Bit Axe
21:08 Castle Age
19:19 Gold Mining
20:38 Fletching
22:32 Padded Archer Armor
22:28 Bodkin Arrow
22:36 Husbandry
24:23 Wheelbarrow
24:08 Leather Archer Armor
25:22 Town Watch
27:42 Scale Barding Armor
32:55 Town Patrol
34:07 Chain Barding Armor
Pillage The Village
9:11 Feudal Age
9:52 Double-Bit Axe
15:32 Forging
17:12 Loom
18:49 Scale Barding Armor
18:52 Gold Mining
21:52 Castle Age
20:48 Bloodlines
20:57 Horse Collar
21:52 Light Cavalry
24:54 Husbandry
26:01 Chain Barding Armor
30:55 Bow Saw
31:17 Stone Mining
32:48 Wheelbarrow
31:59 Town Watch
38:41 Imperial Age
37:03 Iron Casting
36:20 Elite Skirmisher
38:01 Ballistics
37:32 Fletching
38:32 Bodkin Arrow
38:41 Cavalier
41:09 Chemistry
41:29 Padded Archer Armor
42:50 Leather Archer Armor
44:04 Ring Archer Armor
Myll_Barka
2:55 Loom
10:11 Feudal Age
16:19 Double-Bit Axe
19:34 Castle Age
18:14 Bloodlines
18:14 Scale Barding Armor
18:20 Horse Collar
19:09 Gold Mining
20:31 Bow Saw
24:22 Husbandry
27:45 Chain Barding Armor
28:12 Fletching
28:24 Padded Archer Armor
30:34 Forging
30:44 Bodkin Arrow
33:00 Wheelbarrow
33:49 Leather Archer Armor
34:09 Ballistics
36:03 Iron Casting
39:18 Imperial Age
36:39 Light Cavalry
38:00 Hand Cart
39:29 Town Watch
39:48 Heavy Plow
39:25 Heavy Cavalry Archer
40:13 Bracer
42:06 Blast Furnace
41:47 Gold Shaft Mining
42:15 Hussar
Connection lost

Rejoining the realm…

Still unreachable

The connection could not be restored.

Session expired

The server has moved on; the page needs a fresh start.